 Dungeon Crawl Stone Soup version 0.19-a0-1886-gd64a0f0 (webtiles) character file.

8933 George the Carver (level 11, -6/95 HPs)
             Began as a Minotaur Fighter on Oct 15, 2016.
             Was a High Priest of Okawaru.
             Killed from afar by dvd's ghost (8 damage)
             ... with a spray of energy
             ... on level 10 of the Dungeon.
             The game lasted 00:19:44 (10157 turns).

George the Carver (Minotaur Fighter)               Turns: 10157, Time: 00:19:44

Health: -6/95      AC: 19    Str: 22    XL:     11   Next: 16%
Magic:  0/23       EV:  5    Int:  7    God:    Okawaru [*****.]
Gold:   812        SH: 11    Dex: 17    Spells: 0 memorised, 10 levels left

rFire  . . .     SeeInvis .     S - +2 scimitar (flame)
rCold  . . .     Gourm    .     H - +0 plate armour
rNeg   . . .     Faith    .     c - +0 shield
rPois  .         Spirit   +     b - +0 hat "Ytost" {+Inv Int+2 Dex+2}
rElec  .         Dismiss  .     y - +2 cloak {+Inv}
rCorr  .         Reflect  .     G - +0 pair of gloves
MR     .....     Harm     .     M - +0 pair of boots
Stlth  ..........               s - amulet of guardian spirit
                                w - +3 ring of dexterity
                                N - ring of magical power

@: very slightly contaminated, heavily drained
A: retaliatory headbutt, horns 2, talons 1
a: Heroism, Finesse, Renounce Religion, Evoke Invisibility


You were on level 10 of the Dungeon.
You worshipped Okawaru.
Okawaru was extremely pleased with you.
You were hungry.

You visited 2 branches of the dungeon, and saw 11 of its levels.
You also visited: Ossuary.

You collected 812 gold pieces.

Inventory:

Hand Weapons
 S - a +2 scimitar of flaming (weapon)
Missiles
 r - 4 javelins (quivered)
 R - 2 javelins of penetration
Armour
 b - the +0 hat "Ytost" (worn) {+Inv Int+2 Dex+2}
   (Okawaru gifted it to you on level 10 of the Dungeon)

   It affects your intelligence (+2).
   It affects your dexterity (+2).
   It lets you turn invisible.
 c - a +0 shield (worn)
 y - a +2 cloak of invisibility (worn)
 G - a +0 pair of gloves (worn)
 H - a +0 plate armour (worn)
 M - a +0 pair of boots (worn)
Jewellery
 o - an uncursed ring of resist corrosion
 s - an amulet of guardian spirit (around neck)
 w - a +3 ring of dexterity (right hand)
 F - a +2 ring of dexterity
 N - a ring of magical power (left hand)
Wands
 a - a wand of flame (16/48)
 t - a wand of flame (19/48)
 x - a wand of confusion (10/48)
 O - a wand of flame (31/48)
 Q - a wand of iceblast (6/15)
Scrolls
 h - 2 scrolls of fog
 j - 3 scrolls of remove curse
 n - 3 scrolls of enchant armour {unknown}
 p - a scroll of immolation {unknown}
 u - 3 scrolls of blinking
 C - 2 scrolls of teleportation {unknown}
 I - 2 scrolls of enchant weapon {unknown}
 K - a scroll of fear
 L - a scroll of magic mapping
 T - 3 scrolls of identify
Potions
 d - 3 potions of might
 e - 3 potions of invisibility
 i - 2 potions of cancellation
 m - 2 potions of heal wounds
 q - 3 potions of agility
 v - 6 potions of flight
 z - a potion of haste {unknown}
 A - 8 potions of curing
 B - 2 potions of mutation {unknown}
 E - 2 potions of magic {unknown}
 J - a potion of ambrosia {unknown}
Miscellaneous
 D - a phial of floods
Comestibles
 f - 8 bread rations
 g - 5 meat rations
 k - 7 beef jerkies
 l - 2 fruits
 P - 7 slices of pizza
 U - 2 chunks of flesh


   Skills:
 + Level 8.7(7.3) Fighting
 + Level 11.5(10.0) Long Blades
 + Level 8.5(7.1) Armour
 + Level 8.7(7.3) Shields
 + Level 6.1(4.8) Invocations
 + Level 6.0(4.7) Evocations


You had 10 spell levels left.
You didn't know any spells.

Dungeon Overview and Level Annotations

Branches:
Dungeon (10/15)            Temple (1/1) D:5            Lair (0/6) D:9
    Orc: D:9-12

Altars:
Ashenzari
Cheibriados
Dithmenos
Elyvilon
Fedhas
Gozag
Hepliaklqana
Kikubaaqudgha
Makhleb
Nemelex Xobeh
Okawaru
Qazlal
Ru
Sif Muna
Trog
Uskayaw
Vehumet
Xom
Yredelemnul
Zin
The Shining One

Annotations:
D:10 dvd's ghost, novice DrCj


Innate Abilities, Weirdness & Mutations

You reflexively headbutt those who attack you in melee.
You have a pair of horns on your head.
You have sharp toenails.


Message History

You are too injured to fight recklessly!
You slash dvd's ghost! You burn dvd's ghost. Your headbutt misses dvd's ghost.
Dvd's ghost is heavily damaged.
You block dvd's ghost's attack.
You closely miss dvd's ghost.
Dvd's ghost is heavily damaged.
Dvd's ghost breathes negative energy at you.
The bolt of negative energy hits you!
You feel drained.
* * * LOW HITPOINT WARNING * * *
Dvd's ghost breathes negative energy at you.
The bolt of negative energy hits you!
You feel drained.
* * * LOW HITPOINT WARNING * * *
You see here a flail.
Dvd's ghost keens inconsolably.
Dvd's ghost makes a sound of rattling chains.
Dvd's ghost gestures at you while chanting.
The puff of flame hits you!
Dvd's ghost gestures at you while chanting.
The spray of energy hits you!
You die...

.. #.#. #....o≈... #.##.#.
##.###≈≈≈≈≈ #.##.#.##o#.# ≈≈≈
#.# #.##.#.#.###.### # #.#
#.##.#.o## ##..## #.#
#....##.W###.>..## #.#
#..#.....)#......# ##.#
#...........##...###..##.#
#...........@.........##.#
###.###.###.##<.(#######<#
##...##.# #.##..#.######>#
#####.###.#.###.##.###.......#
......# #...........#.########
#####.###.#.....<....#
.........######.######
#######(#######.# #.........#


You could see an orc warrior and dvd's ghost.

Vanquished Creatures
  Snorg (D:10)
  Erica (D:8)
  Pikel (D:8)
  A hill giant (D:10)
  The ghost of Nuatha the Covert, a novice SpAK of Lugonu (D:9)
  Joseph (D:8)
  A hippogriff (D:8)
  A shadow (D:8)
  A human (D:8)
  4 hogs (D:8)
  A steam dragon (D:9)
  Edmund (D:6)
  A slave (D:9)
  Duvessa (D:7)
  3 sky beasts
  A black bear (D:7)
  A hornet zombie (D:9)
  An eye of draining (D:9)
  4 ice beasts
  4 necrophages
  2 ogres
  4 centaurs
  A big kobold (D:8)
  6 bullfrogs
  Dowan (D:7)
  A wyvern skeleton (D:9)
  A water moccasin zombie (D:9)
  2 scorpions
  9 wights
  5 howler monkeys
  4 crimson imps
  A centaur zombie (D:7)
  A quasit (D:8)
  A centaur skeleton (D:4)
  Crazy Yiuf (D:3)
  A gnoll shaman (D:4)
  A bullfrog skeleton (D:7)
  5 hounds
  4 jellies
  4 iguanas
  8 worker ants
  A hound skeleton (D:9)
  4 worker ant zombies
  9 mummies
  Robin (D:3)
  8 gnolls
  2 howler monkey skeletons
  17 adders
  A river rat (D:9)
  2 shadow imps (D:5)
  An ooze (D:3)
  2 adder skeletons
  An adder zombie (D:9)
  4 worms
  2 dart slugs
  5 leopard geckos
  5 orcs
  8 giant cockroaches
  A gnoll zombie (Ossuary)
  19 goblins
  9 hobgoblins
  14 jackals
  8 kobolds
  9 quokkas
  3 ball pythons
  11 bats
  6 frilled lizards
  6 kobold zombies (Ossuary)
  3 leopard gecko skeletons
  A leopard gecko zombie (D:6)
  An orc zombie (Ossuary)
  A quokka skeleton (D:6)
  A quokka zombie (D:9)
  13 rats
273 creatures vanquished.

Vanquished Creatures (others)
  A slave (D:10)
  A crimson imp (D:10)
  A rat (D:9)
  9 fungi (D:9)
  2 plants (D:9)
14 creatures vanquished.

Grand Total: 287 creatures vanquished

Notes
Turn   | Place    | Note
-------+----------+-------------------------------------------
     0 | D:1      | George the Minotaur Fighter began the quest for the Orb.
     0 | D:1      | Reached XP level 1. HP: 19/19 MP: 0/0
    33 | D:1      | Reached skill level 3 in Long Blades
    36 | D:1      | Reached XP level 2. HP: 19/26 MP: 1/1
   408 | D:1      | Reached skill level 4 in Long Blades
   561 | D:2      | Reached XP level 3. HP: 17/31 MP: 2/2
   830 | D:2      | Reached skill level 5 in Long Blades
   928 | D:2      | Reached XP level 4. HP: 33/39 MP: 3/3
  1263 | D:2      | Reached skill level 6 in Long Blades
  1712 | D:3      | Reached XP level 5. HP: 44/45 MP: 4/4
  1728 | D:3      | Noticed Robin
  1750 | D:3      | Killed Robin
  2084 | D:3      | Found a runed door.
  2139 | D:3      | Noticed Crazy Yiuf
  2144 | D:3      | Killed Crazy Yiuf
  2144 | D:3      | Reached skill level 7 in Long Blades
  2395 | D:4      | Reached XP level 6. HP: 20/51 MP: 3/5
  2694 | D:4      | Reached skill level 8 in Long Blades
  3476 | D:5      | Entered Level 5 of the Dungeon
  3492 | D:5      | Reached skill level 9 in Long Blades
  3501 | D:5      | Found a sacrificial altar of Ru.
  3545 | D:5      | Found a sand-covered staircase.
  3552 | Ossuary  | Entered an ossuary
  3572 | Ossuary  | Reached XP level 7. HP: 49/58 MP: 3/6
  4101 | D:5      | Reached skill level 1 in Evocations
  4223 | D:5      | Got a crystal falchion
  4224 | D:5      | Identified the cursed +0 falchion "Tanulel" {flame, +Inv rC- MR+} (You found it on level 5 of the Dungeon)
  4381 | D:5      | Found a staircase to the Ecumenical Temple.
  4388 | Temple   | Entered the Ecumenical Temple
  4407 | Temple   | Became a worshipper of Warmaster Okawaru
  4940 | D:6      | Noticed Edmund
  4964 | D:6      | Killed Edmund
  4964 | D:6      | Reached skill level 1 in Invocations
  5242 | D:6      | Reached XP level 8. HP: 33/67 MP: 8/8
  5246 | D:6      | Reached skill level 5 in Shields
  5356 | D:6      | Reached skill level 5 in Armour
  5439 | D:6      | Gained mutation: You have sharp toenails. [potion of beneficial mutation]
  5851 | D:6      | Reached skill level 5 in Fighting
  5865 | D:6      | Found a shadowy altar of Dithmenos.
  5933 | D:6      | Reached * piety under Okawaru
  5971 | D:6      | Found an opulent altar of Gozag.
  6513 | D:7      | Noticed Duvessa
  6515 | D:7      | Noticed Dowan
  6563 | D:7      | Killed Duvessa
  6563 | D:7      | Reached ** piety under Okawaru
  6563 | D:7      | Reached XP level 9. HP: 52/75 MP: 8/10
  6569 | D:7      | Killed Dowan
  6569 | D:7      | Reached skill level 10 in Long Blades
  7150 | D:8      | Found a basalt altar of Yredelemnul.
  7204 | D:8      | Found a shimmering altar of Xom.
  7207 | D:8      | Found a blossoming altar of Fedhas.
  7223 | D:8      | Found a basalt altar of Yredelemnul.
  7415 | D:8      | Found a hazy altar of Hepliaklqana.
  7601 | D:8      | Noticed Joseph
  7625 | D:8      | Killed Joseph
  7787 | D:8      | Reached *** piety under Okawaru
  7938 | D:8      | Found a white marble altar of Elyvilon.
  7938 | D:8      | Found a faded altar of an unknown god.
  7944 | D:8      | Found a faded altar of an unknown god.
  7946 | D:8      | Found a faded altar of an unknown god.
  7948 | D:8      | Found a faded altar of an unknown god.
  8106 | D:8      | Reached XP level 10. HP: 86/86 MP: 12/12
  8311 | D:8      | Reached **** piety under Okawaru
  8323 | D:9      | Reached skill level 5 in Evocations
  8338 | D:9      | Found a stormy altar of Qazlal.
  8427 | D:9      | Found a staircase to the Lair.
  8457 | D:9      | Reached skill level 5 in Invocations
  8543 | D:9      | Noticed Pikel
  8543 | D:9      | Noticed Erica
  8546 | D:9      | Noticed Nuatha's ghost (novice SpAK)
  8885 | D:8      | Killed Pikel
  8885 | D:8      | Reached skill level 11 in Long Blades
  8995 | D:8      | HP: 4/88 [Erica/bolt of poison (12)]
  9010 | D:8      | Killed Erica
  9010 | D:8      | Received a gift from Okawaru
  9309 | D:9      | Killed Nuatha's ghost
  9531 | D:9      | Reached ***** piety under Okawaru
  9867 | D:10     | Entered Level 10 of the Dungeon
  9876 | D:10     | Noticed Snorg
  9901 | D:10     | Killed Snorg
  9901 | D:10     | Received a gift from Okawaru
  9901 | D:10     | Received a gift from Okawaru
  9901 | D:10     | Reached XP level 11. HP: 70/95 MP: 14/14
  9902 | D:10     | Got an encrusted hat {god gift}
  9908 | D:10     | Identified the +0 hat "Ytost" {+Inv Int+2 Dex+2} (Okawaru gifted it to you on level 10 of the Dungeon)
 10126 | D:10     | Noticed a hill giant
 10127 | D:10     | Noticed dvd's ghost (novice DrCj)
 10147 | D:10     | Killed a hill giant
 10154 | D:10     | HP: 1/95 [dvd's ghost/bolt of negative energy (26)]
 10157 | D:10     | Killed from afar by dvd's ghost

Vault maps used:
D:1:      eino_arrival_water_cross
D:2:      minmay_tromino_i2
D:3:      uniq_crazy_yiuf_cottage, uniq_robin
D:4:      first_bread
D:5:      basic_altar, chequers_ossuary_entry_cave
D:6:      minitemple, uniq_edmund
D:7:      uniq_duvessa
D:8:      chequers_temple_overflow_minitemple, grunt_temple_overflow_cloverleaf,
          basic_altar, grunt_livestock, uniq_joseph
D:9:      due_lair_maze_entry_diamond, serial_undead, serial_undead_b,
          serial_undead_b, serial_undead_b, serial_undead_c, serial_undead_e,
          serial_undead_f, serial_undead_a, grunt_qazlal_clouds, uniq_pikel,
          uniq_erica
D:10:     cheibrodos_helix_gallery, uniq_grum, uniq_snorg
Temple:   eino_temple_water
Ossuary:  ossuary_tomb_3

Skill      XL: |  1  2  3  4  5  6  7  8  9 10 |
---------------+-------------------------------+-----
Long Blades    | 3 4 5 6 7 9 10 11 | 11.5
Armour         | 4 5 7 8 |  8.5
Shields        | 4 5 7 8 |  8.7
Fighting       | 4 6 7 8 |  8.7
Evocations     | 2 3 4 6 |  6.0
Invocations    | 1 3 4 6 |  6.1

Action                   |  1- 3 |  4- 6 |  7- 9 | 10-12 || total
-------------------------+-------+-------+-------+-------++-------
Melee: Long sword        |    82 |   200 |    46 |       ||   328
       Headbutt          |     8 |    47 |   106 |    63 ||   224
       Falchion          |       |       |   344 |   124 ||   468
       Kick              |       |       |    41 |       ||    41
       Scimitar          |       |       |       |   107 ||   107
 Abil: Evoke Invisibilit |       |     2 |     2 |     4 ||     8
Evoke: Wand              |       |     1 |     3 |       ||     4
  Use: Scroll            |       |    12 |     2 |     2 ||    16
       Potion            |       |       |     2 |     2 ||     4
 Stab: Invisible         |       |     4 |     5 |    18 ||    27
  Eat: Chunk             |       |     9 |    13 |     8 ||    30
       Fruit             |       |       |     2 |     2 ||     4
Armor: Scale mail        |    29 |    72 |   119 |    69 ||   289
       Plate armour      |       |       |       |    27 ||    27
Dodge: Dodged            |    15 |    54 |    84 |    66 ||   219
Block: Shield            |    36 |    89 |   166 |   109 ||   400
       Rpst.: Long sword |     3 |    20 |     4 |       ||    27
       Falchion          |       |       |    11 |    13 ||    24
       Scimitar          |       |       |       |     5 ||     5
